 Dungeon Crawl Stone Soup version 0.31-a0-819-gf6de2f5ab6 (webtiles) character file.

Game seed: 11759021558376636221

5 qw the Shooter (level 1, 0/12 HPs)
             Began as a Gargoyle Hunter on Sept 23, 2023.
             Slain by a quokka (4 damage)
             ... on level 1 of the Dungeon.
             The game lasted 00:00:06 (311 turns).

qw the Shooter (Gargoyle Hunter)                     Turns: 311, Time: 00:00:06

Health: 0/12       AC:  5    Str: 14    XL:     1   Next: 80%
Magic:  1/1        EV: 11    Int:  9    God:
Gold:   25         SH:  0    Dex: 13    Spells: 0/0 levels left

rFire   . . .        a - +0 shortbow
rCold   . . .        (shield currently unavailable)
rNeg    + . .        c - +0 leather armour
rPois   inf          (no helmet)
rElec   +            (no cloak)
rCorr   .            (no gloves)
SInv    .            (no boots)
Will    .....        (no amulet)
Stlth   +            (no ring)
HPRegen 0.22/turn    (no ring)
MPRegen 0.07/turn

%: no passive effects
@: no status effects
A: sickness immunity, AC +2, negative energy resistance 1, electricity
resistance, torment resistance 1, petrification resistance
a: no special abilities


You were on level 1 of the Dungeon.
You visited 1 branch of the dungeon, and saw 1 of its levels.

You collected 25 gold pieces.


Innate Abilities, Weirdness & Mutations

You are immune to sickness and miasma.
Your stone body is resilient. (AC +2)
You are immune to poison.
You resist negative energy. (rN+)
You are resistant to electric shocks. (rElec)
You are resistant to unholy torment.
You are immune to petrification.


   Skills:
 - Level 2.1 Fighting
 + Level 4.3 Ranged Weapons
 - Level 1.5 Dodging
 - Level 1.1 Stealth


You couldn't memorise any spells.
You didn't know any spells.
Your spell library was empty.

Inventory:

Hand Weapons
 a - a +0 shortbow (weapon)
Armour
 c - a +0 leather armour (worn)
Jewellery
 d - a ring of see invisible
Scrolls
 b - a scroll of butterflies
 e - a scroll of fear {unknown}
 f - a scroll of poison {unknown}

Dungeon Overview and Level Annotations

Branches:
Dungeon (1/15)

Altars:


Message History

The kobold moves out of view.
You shoot an arrow. The arrow misses the quokka.
You shoot an arrow.
The arrow hits the kobold but does no damage.
You shoot an arrow. The arrow completely misses the kobold.
You shoot an arrow. The arrow closely misses the kobold.
The quokka twitches its whiskers.
You shoot an arrow. The arrow hits the quokka.
The quokka is lightly wounded.
The kobold closely misses you.
The quokka bites you but does no damage.
The kobold barely misses you.
You shoot an arrow.
The arrow hits the quokka but does no damage.
The quokka is lightly wounded.
The quokka bites you.
The kobold hits you with a +0 short sword.
The quokka bites you but does no damage.
You shoot an arrow. The arrow closely misses the quokka.
The quokka barely misses you. The kobold hits you but does no damage.
You shoot an arrow. The arrow hits the quokka.
The quokka is almost dead.
The quokka bites you but does no damage.
The kobold hits you with a +0 short sword.
The quokka misses you.
You shoot an arrow.
The arrow hits the quokka but does no damage.
The quokka is almost dead.
The kobold hits you but does no damage. The quokka misses you.
You shoot an arrow. The arrow closely misses the quokka.
The kobold hits you but does no damage. The quokka closely misses you.
The kobold closely misses you.
The quokka bites you but does no damage.
You shoot an arrow. The arrow barely misses the quokka.
The quokka bites you. The kobold barely misses you.
You shoot an arrow. The arrow barely misses the quokka.
The quokka barely misses you.
The kobold hits you with a +0 short sword.
The quokka bites you.
You die...

.# .....# .# .....#
###.##.....#
#..........#
###.#.#.......
####.....#.....
#..[....##r.#.##.
###.####...@K......
#.....###..#..#..#.
.## ###.###.......#
...
#.....###..#.....
#.# ###.###
#..####.. #.#
#.....# .... ..#
#.. #.
###.######### #....
#.. #. #.....#
##.### #..
..###.### #...# #..


You could see a quokka and a kobold.

Vanquished Creatures
  A bat (D:1)
  An endoplasm (D:1)
  A giant cockroach (D:1)
  A frilled lizard (D:1)
  A goblin (D:1)
5 creatures vanquished.

Notes
Turn   | Place    | Note
-------+----------+-------------------------------------------
     0 | D:1      | qw the Gargoyle Hunter began the quest for the Orb.
     0 | D:1      | Reached XP level 1. HP: 12/12 MP: 1/1
     0 | D:1      | 0 ||| qw: Version: 0.3-a-83-gcd0e7d8
     0 | D:1      | 0 ||| qw: Game counter: 1486
     0 | D:1      | 0 ||| qw: Melee chars always use a shield: true
     0 | D:1      | 0 ||| qw: God list: Okawaru
     0 | D:1      | 0 ||| qw: Allow faded altars: false
     0 | D:1      | 0 ||| qw: Do Orc after clearing Dungeon:15 true
     0 | D:1      | 0 ||| qw: Do second Lair branch before Depths: true
     0 | D:1      | 0 ||| qw: Lair rune preference: random
     0 | D:1      | 0 ||| qw: Goals: Normal
     0 | D:1      | 0 ||| PLANNING D:1-11
   311 | D:1      | Slain by a quokka

Levels and vault maps discovered:
D:1:      roderic_dead_forest, layout_loops_cross, minmay_misc_feat_hallway,
          corexii_item_surrounded_by_moat

Action                     || total
---------------------------++-------
   Fire: Shortbow          ||    25
 Armour: Leather armour    ||    16
  Dodge: Dodged            ||    10

Table legend:
 A = Non-vault XP
 B = Vault XP
 C = Vault XP percentage of total XP
 D = Non-vault monster count
 E = Vault monster count
 F = Vault count percentage of total count
                 A         B        C        D         E       F
            +---------+---------+-------+---------+---------+-------
      Total |       8 |       0 |   0.0 |       5 |       0 |   0.0
            +---------+---------+-------+---------+---------+-------
        D:1 |       8 |       0 |   0.0 |       5 |       0 |   0.0
            +---------+---------+-------+---------+---------+-------
